Map: Abyssal Reef LE

Players

TurnB - Winner!

  • Race: Protoss Protoss
  • League: Bronze
  • Spawn Location: 5:00

A.I. 1 (Hard)

  • Race: Zerg Zerg
  • Spawn Location: 11:00

VOD

Have the link to the VOD?

Description

PvZ Allin zealot +changer + 2 immotal
Abyssal Reef LE

Time

  • Played on: Feb. 17, 2017, 3:02 p.m.
  • Length: 9:17
Show
View Real Time Build Order
Export as new Build Order

TurnB Protoss - Winner!

Build Orders: 1 Gate Expand 

Get SALT Encoding   

  12  0:03  Probe (Chrono Boost)  
  13  0:13  Probe (Chrono Boost)  
  14  0:20  Pylon  
  14  0:24  Probe (Chrono Boost)  
  15  0:38  Probe (Chrono Boost)  
  15  0:42  Gateway  
  16  0:49  Probe (Chrono Boost), Assimilator  
  17  0:59  Probe (Chrono Boost)  
  18  1:22  Nexus  
  18  1:33  Cybernetics Core  
  18  1:37  Probe (Chrono Boost)  
  19  1:44  Assimilator  
  19  1:48  Probe (Chrono Boost)  
  20  1:58  Probe (Chrono Boost)  
  21  2:01  Pylon  
  21  2:10  Mothership Core (Chrono Boost)  
  23  2:28  Probe (Chrono Boost), Adept  
  26  2:39  Probe (Chrono Boost)  
  26  2:40  Robotics Facility  
  27  2:49  Probe (Chrono Boost)  
  28  2:51  Probe (Chrono Boost)  
  28  2:52  Pylon  
  29  3:00  Probe (Chrono Boost)  
  31  3:05  Probe (Chrono Boost)  
  31  3:26  Gateway  
  31  3:28  Gateway  
  31  3:29  Gateway  
  31  3:30  Probe x2 (Chrono Boost)  
  31  3:33  Zealot  
  35  3:44  Warp Gate, Twilight Council  
  35  3:57  Immortal  
  39  4:13  Probe x2 (Chrono Boost)  
  41  4:18  Gateway  
  41  4:20  Gateway  
  41  4:31  Gateway  
  41  4:32  Charge  
  41  4:33  Pylon  
  41  4:35  Gateway  
  43  4:39  Probe (Chrono Boost)  
  43  4:40  Probe (Chrono Boost)  
  43  4:55  Immortal  
  47  5:03  Probe x2 (Chrono Boost)  
  49  5:07  Zealot x2  
  49  5:13  Zealot  
  55  5:20  Probe x2 (Chrono Boost)  
  57  5:42  Gateway  
  57  5:44  Gateway  
  57  5:47  Pylon  
  57  5:51  Pylon  
  57  5:53  Probe x2 (Chrono Boost), Pylon  
  59  6:00  Warp Prism  
  61  6:08  Zealot x3  
  61  6:09  Zealot x3  
  73  6:29  Probe x2 (Chrono Boost)  
  75  6:33  Zealot  
  75  6:34  Zealot x4  
  85  6:44  Pylon  
  85  6:46  Pylon  
  85  6:47  Pylon  
  85  6:49  Pylon  
  85  7:12  Zealot  
  85  7:13  Zealot x2  
  85  7:14  Zealot x4  
  85  7:15  Zealot  
  93  7:16  Zealot  
  95  7:24  Immortal  
  99  7:45  Zealot x3  
  99  7:46  Zealot x3  
  99  7:47  Zealot  
  113  8:12  Pylon x2  
  113  8:14  Pylon  
  113  8:16  Pylon  
  113  8:22  Zealot x2  
  111  8:55  Zealot x3  
  111  8:56  Zealot x3  
  111  8:57  Zealot  
Show
View Real Time Build Order
Export as new Build Order

A.I. 1 (Hard) Zerg 

Build Orders: Pool First 

Get SALT Encoding   

  12  0:01  Drone  
  13  0:12  Overlord  
  13  0:16  Drone  
  14  0:30  Drone  
  14  0:32  Drone  
  16  0:42  Spawning Pool  
  16  0:45  Drone  
  17  0:50  Drone  
  17  0:54  Extractor  
  17  0:55  Drone  
  17  1:06  Overlord  
  17  1:31  Zergling x2, Queen  
  20  1:38  Roach Warren, Drone  
  20  1:39  Extractor  
  19  1:42  Zergling x2  
  20  1:49  Drone  
  21  2:00  Drone  
  22  2:10  Overlord  
  22  2:21  Drone  
  23  2:32  Roach  
  25  2:38  Drone  
  25  2:39  Overlord  
  25  2:43  Roach  
  28  2:55  Roach  
  30  3:06  Roach  
  30  3:11  Overlord  
  32  3:18  Roach  
  34  3:29  Roach  
  36  3:36  Overlord  
  36  3:40  Roach  
  38  3:45  Drone  
  39  3:48  Drone  
  39  3:52  Roach  
  39  3:53  Drone  
  43  3:58  Drone  
  44  4:09  Drone  
  45  4:10  Baneling Nest  
  45  4:14  Roach, Drone  
  45  4:15  Drone  
  48  4:20  Evolution Chamber  
  48  4:22  Drone  
  48  4:32  Roach  
  50  4:43  Roach  
  52  4:54  Roach  
  54  6:39  Overlord, Zerg Melee Weapons Level 1, Lair  
  54  6:41  Evolution Chamber  
  54  6:43  Spore Crawler  
  54  6:45  Drone, Spore Crawler  
  52  6:48  Hatchery, Drone  
  52  6:57  Overlord, Drone  
  53  7:07  Zerg Ground Armor Level 1  
  53  7:09  Spine Crawler  
  53  7:10  Roach  
  53  7:11  Spine Crawler  
  37  7:19  Zergling x2  
  28  7:28  Roach  
  30  7:36  Roach, Queen  
  34  7:37  Overseer x2  
  34  7:40  Infestation Pit  
  34  7:43  Hydralisk Den  
  32  7:45  Roach  
  32  7:46  Spire, Drone  
  32  7:50  Drone  
  35  7:53  Roach  
  37  8:01  Drone  
  37  8:02  Roach  
  37  8:05  Zergling x2, Drone  
  41  8:06  Drone  
  41  8:08  Extractor  
  41  8:09  Zergling x2  
  34  8:14  Zergling x2  
  29  8:21  Zergling x2, Drone  
  31  8:30  Roach  
  29  8:39  Roach  
  31  8:47  Roach  
  25  8:53  Drone  
  23  8:56  Roach  
  23  8:58  Drone  
  23  8:59  Drone  
  17  9:04  Drone  
Tags
 
Add a new tag
Caveats
  • Supply blocks, unpowered buildings, or Contaminate may cause inaccurate times.
  • Supply counts are checked every 10 seconds.